 Dungeon Crawl Stone Soup version 0.28.0-49-g6dfe1f597d (webtiles) character file.

Game seed: 14048139610048248177

204 Kaptain the Digger (level 5, -2/31 HPs)
             Began as a Gargoyle Earth Elementalist on May 12, 2022.
             Slain by a black bear (8 damage)
             ... on level 3 of the Dungeon.
             The game lasted 00:07:26 (3913 turns).

Kaptain the Digger (Gargoyle Earth Elementalist)    Turns: 3913, Time: 00:07:27

Health: -2/31      AC:  8    Str: 11    XL:     5   Next: 82%
Magic:  0/9        EV: 11    Int: 18    God:
Gold:   158        SH:  0    Dex: 10    Spells: 5/9 levels left

rFire   . . .      SeeInvis .   h - staff of death
rCold   . . .      Faith    .   (no shield)
rNeg    + + .      Spirit   .   j - +0 leather armour
rPois   ∞          Reflect  .   b - +1 hat
rElec   +          Harm     .   (no cloak)
rCorr   .          Rampage  .   (no gloves)
Will    .....                   (no boots)
Stlth   ++........              (no amulet)
HPRegen 0.10/turn               (no ring)
MPRegen 0.11/turn               (no ring)

@: mighty
A: sickness immunity, AC +4, negative energy resistance 1, electricity
resistance, torment resistance 1, petrification resistance
a: no special abilities


You were on level 3 of the Dungeon.
You visited 1 branch of the dungeon, and saw 4 of its levels.

You collected 158 gold pieces.

Inventory:

Hand Weapons
 a - a +0 hunting sling
 f - a +0 flail
Missiles
 e - 6 atropa-tipped darts
 g - 15 sling bullets
 p - 11 poisoned darts
Armour
 b - a +1 hat (worn)
 j - a +0 leather armour (worn)
Magical Staves
 h - a staff of death (weapon)
Scrolls
 c - a scroll of blinking {unknown}
 k - 2 scrolls of vulnerability {unknown}
 l - a scroll of immolation {unknown}
 n - a scroll of fog {unknown}
Potions
 i - a potion of mutation
 m - a potion of degeneration {unknown}
 o - 2 potions of curing {unknown}


   Skills:
 * Level 2.3 Fighting
 + Level 1.6 Armour
 + Level 2.1 Dodging
 - Level 2.1 Stealth
 * Level 2.9 Spellcasting
 * Level 2.3 Conjurations
 - Level 0.7 Transmutations
 * Level 4.7 Earth Magic


You had 5 spell levels left.
You knew the following spells:

 Your Spells              Type           Power      Damage    Failure   Level
a - Sandblast             Erth           38%        2d10      3%          1
b - Stone Arrow           Conj/Erth      30%        3d8       16%         3

Your spell library contained the following spells:

 Spells                   Type           Power      Damage    Failure   Level
 Passwall                 Tmut/Erth      10%        N/A       11%         2
 Summon Small Mammal      Summ           8%         N/A       22%         1
 Scorch                   Fire           4%         2d5       32%         2
 Call Canine Familiar     Summ           2%         N/A       54%         3
 Ozocubu's Armour         Ice            2%         N/A       54%         3
 Summon Guardian Golem    Hex/Summ       2%         N/A       54%         3
 Petrify                  Tmut/Erth      12%        N/A       56%         4
 Flame Wave               Conj/Fire      6%         2d5       80%         4
 Summon Cactus Giant      Summ           1%         N/A       100%        6
 Ozocubu's Refrigeration  Ice            1%         4d5       100%        7


Dungeon Overview and Level Annotations

Branches:
Dungeon (4/15)
 Temple: D:4-7

Altars:

Shops:
D:1 :


Innate Abilities, Weirdness & Mutations

You are immune to sickness and miasma.
Your stone body is resilient. (AC +4)
You are immune to poison.
You resist negative energy. (rN+)
You are resistant to electric shocks. (rElec)
You are resistant to unholy torment.
You are immune to petrification.


Message History

The black bear barely misses you. The black bear closely misses you.
Casting: Stone Arrow (quite dangerous; 16% risk of failure)
Confirm with . or Enter, or press ? or * to list all spells.
You don't have enough magic to cast this spell.
Unknown command.
Casting: Stone Arrow (quite dangerous; 16% risk of failure)
Confirm with . or Enter, or press ? or * to list all spells.
You don't have any stones to cast with.
Casting: Sandblast (safe; 3% risk of failure)
Confirm with . or Enter, or press ? or * to list all spells.
You don't have any stones to cast with.
Unknown command.
The black bear bites you but does no damage.
The black bear claws you.
The black bear claws you but does no damage.
Your magical contamination has completely faded away.
There is an open door here.
Casting: Sandblast (safe; 3% risk of failure)
Confirm with . or Enter, or press ? or * to list all spells.
Aiming: Stone Arrow (quite dangerous; 16% risk of failure)
Press: ? - help, Shift-Dir - straight line, f/p - black bear
Aim: a black bear (heavily wounded, 77% to hit)
The stone arrow hits the black bear!
The black bear is almost dead.
The black bear closely misses you.
The black bear claws you but does no damage. x2
You closely miss the black bear.
The black bear is almost dead.
The black bear goes berserk!
You closely miss the black bear.
The black bear is almost dead.
The black bear barely misses you. x2; The black bear claws you.
The black bear bites you but does no damage.
The black bear claws you. The black bear barely misses you.
You feel very mighty all of a sudden. The black bear bites you!
The black bear claws you.
* * * LOW HITPOINT WARNING * * *
The black bear claws you but does no damage.
The black bear bites you!
You die...

########.#################.######
............)....................
########.###########.....#....###
...........#########..##.#....#
########...........#..##.#....#
#..#.#######.#..##)#....#
#.##.##....#.#..##.#....# ###
#.≈#..#.##.#.#..##)#....# ..#
#.≈##.#.##@#.#...#.#....### ..###
#≈≈≈#...##h#.##..#.........
....####≈≈##..##.#.##..#.........
....##.##≈≈#.###.#.##..#.........
....##..#≈≈#..##'#.##..#.........
.)......##≈#.......##..#.#+######
#......#'#≈##.#≈#..##..#.#.......
####...#.#≈≈#(#≈#..##..#.#######.
# #...#.#≈≈#.#≈##.....#.#<....#.


You could see a black bear (berserk).

Vanquished Creatures
  An ogre (D:4)
  Jessica (D:2)
  An adder (D:3)
  A howler monkey skeleton (D:4)
  3 dart slugs
  5 orcs (D:3)
  3 endoplasms
  8 giant cockroaches
  9 goblins
  A hobgoblin (D:3)
  2 jackals (D:1)
  3 quokkas
  9 ball pythons
  4 bats
  6 frilled lizards
  5 kobolds
  6 rats
68 creatures vanquished.

Notes
Turn   | Place    | Note
-------+----------+-------------------------------------------
     0 | D:1      | Kaptain the Gargoyle Earth Elementalist began the quest for
                  | the Orb.
     0 | D:1      | Reached XP level 1. HP: 10/10 MP: 3/3
   209 | D:1      | Reached XP level 2. HP: 16/16 MP: 0/5
   365 | D:1      | Found Natwaf's Book Shop.
   744 | D:1      | Reached skill level 1 in Conjurations
  1056 | D:1      | Found a faded altar of an unknown god.
  1109 | D:1      | Reached XP level 3. HP: 19/20 MP: 1/6
  1216 | D:1      | Reached skill level 4 in Earth Magic
  1834 | D:2      | Reached skill level 1 in Fighting
  2374 | D:2      | Noticed Jessica
  2382 | D:2      | Killed Jessica
  2383 | D:2      | Reached XP level 4. HP: 18/25 MP: 4/7
  2387 | D:2      | Learned a level 3 spell: Stone Arrow
  2552 | D:2      | Reached skill level 1 in Armour
  3748 | D:4      | Reached XP level 5. HP: 30/30 MP: 4/8
  3806 | D:4      | Noticed an ogre
  3806 | D:4      | Noticed a black bear
  3814 | D:4      | Killed an ogre
  3913 | D:3      | Slain by a black bear

Illustrated notes

Levels and vault maps discovered:
D:1:      giann_horns, layout_basic, serial_shops, nicolae_shop_crystal,
          basic_ecumenical_altar
D:2:      layout_basic, nicolae_concentric_dashed_squares_wild,
          corexii_hall_statues_i, grunt_ministairs_4, minmay_misc_feat_ornament,
          uniq_jessica
D:3:      layout_basic, chequers_serial_rivers_large_b,
          chequers_serial_rivers_micro_b, serial_park_tiny_2
D:4:      layout_rooms, nicolae_hepliaklqana_monster_ancestors,
          minmay_temple_entry_hall, gammafunk_ghost_smash,
          chequers_serial_rivers_micro_d, minmay_fire_ice_demons

Skill      XL: |  1  2  3  4  5 |
---------------+----------------+-----
Conjurations   | 1 2 |  2.3
Earth Magic    | 4 |  4.7
Fighting       | 1 2 |  2.3
Armour         | 1 |  1.6
Dodging        | 2 |  2.1
Stealth        | |  2.1
Spellcasting   | |  2.9
Transmutations | |  0.7

Action                   |  1- 3 |  4- 6 || total
-------------------------+-------+-------++-------
Melee: Short sword       |    28 |       ||    28
       Unarmed           |     9 |       ||     9
       Punch             |     1 |       ||     1
       Flail             |       |     6 ||     6
       Staff             |       |     4 ||     4
 Fire: Hunting sling     |    17 |    52 ||    69
 Cast: Sandblast         |    34 |    17 ||    51
       Stone Arrow       |       |     5 ||     5
  Use: Scroll            |     3 |       ||     3
       Potion            |       |     1 ||     1
Armor: Robe              |    11 |       ||    11
       Leather armour    |     4 |    23 ||    27
Dodge: Dodged            |    36 |    24 ||    60
